TOP OF THE 1ST |
Minnesota ManBearPigs batting - Pitching for Kingston Iguanas : LHP Nick Clayton
|
Pitching: LHP Nick Clayton
|
|
Batting: LHB Elvin Summers
|
0-0: Ball 1-0: Ball 2-0: Ball 3-0: Called Strike 3-1: Base on Balls
|
Batting: RHB Ricardo Salazar
|
0-0: Called Strike 0-1: Called Strike 0-2: Ball 1-2: Strikes out swinging
|
Batting: RHB Ichizo Akiyama
|
0-0: Called Strike 0-1: Ball 1-1: Called Strike 1-2: Fielders Choice at 2nd, 5-4 (Groundball, 56)
|
Batting: RHB Jeffrey Hicks
|
0-0: Ball 1-0: Called Strike 1-1: Ball 2-1: Swinging Strike 2-2: Ball 3-2: Base on Balls Ichizo Akiyama to second
|
Batting: RHB Carlos López
|
0-0: Called Strike 0-1: Ball 1-1: Swinging Strike 1-2: Ball 2-2: Fly out, F9 (Flyball, 9LS)
|
Top of the 1st over - 0 run(s), 0 hit(s), 0 error(s), 2 left on base; Minnesota 0 - Kingston 0 |
BOTTOM OF THE 1ST |
Kingston Iguanas batting - Pitching for Minnesota ManBearPigs : LHP Rob Price
|
Pitching: LHP Rob Price
|
|
Batting: RHB Bob Lee
|
0-0: Reached on error, E6 (Popup, 6)
|
Batting: RHB Francisco Martínez
|
0-0: SINGLE (Line Drive, 89S) Bob Lee to second
|
Batting: LHB Dusty Wilson
|
0-0: Called Strike 0-1: Fly out, F6 (Line Drive, 6M)
|
Batting: RHB Tommy Davenport
|
0-0: Grounds into double play, 1-6-3 (Groundball, P)
|
Bottom of the 1st over - 0 run(s), 1 hit(s), 1 error(s), 1 left on base; Minnesota 0 - Kingston 0 |
TOP OF THE 2ND |
Minnesota ManBearPigs batting - Pitching for Kingston Iguanas : LHP Nick Clayton
|
Batting: RHB Chris Burrell
|
0-0: Called Strike 0-1: Ball 1-1: Swinging Strike 1-2: Ball 2-2: Foul Ball, location: 2F 2-2: Foul Ball, location: 2F 2-2: Ball 3-2: Strikes out swinging
|
Batting: RHB Ben Barker
|
0-0: Foul Ball, location: 2F 0-1: Ball 1-1: Ball 2-1: Foul Ball, location: 2F 2-2: Ball 3-2: Foul Ball, location: 2F 3-2: Strikes out swinging
|
Batting: RHB Jorge Mora
|
0-0: Ball 1-0: Called Strike 1-1: Ball 2-1: Swinging Strike 2-2: Foul Ball, location: 2F 2-2: Ball 3-2: Foul Ball, location: 2F 3-2: SOLO HOME RUN (Line Drive, 8RXD), Distance : 435 ft
|
Batting: RHB Nicoli Turina
|
0-0: SINGLE (Groundball, 6MD)
|
Batting: LHB Elvin Summers
|
0-0: Ball 1-0: Ball 2-0: Called Strike 2-1: Ball 3-1: Called Strike 3-2: Base on Balls Nicoli Turina to second
|
Batting: RHB Ricardo Salazar
|
0-0: Called Strike 0-1: Ball 1-1: Ball 2-1: SINGLE (Flyball, 4MD) Nicoli Turina to third Elvin Summers to second
|
Batting: RHB Ichizo Akiyama
|
0-0: Foul Ball, location: 2F 0-1: Ball 1-1: Foul Ball, location: 2F 1-2: Ball 2-2: Ball 3-2: DOUBLE (Flyball, 78D) Nicoli Turina scores Elvin Summers scores Ricardo Salazar to third Ricardo Salazar scores
|
Batting: RHB Jeffrey Hicks
|
0-0: Called Strike 0-1: Called Strike 0-2: Strikes out swinging
|
Top of the 2nd over - 4 run(s), 4 hit(s), 0 error(s), 1 left on base; Minnesota 4 - Kingston 0 |
BOTTOM OF THE 2ND |
Kingston Iguanas batting - Pitching for Minnesota ManBearPigs : LHP Rob Price
|
Batting: LHB Billy Anderson
|
0-0: Ball 1-0: Called Strike 1-1: Ball 2-1: SINGLE (Line Drive, 4M)
|
Batting: LHB Gustavo Gómez
|
0-0: Swinging Strike 0-1: Ball 1-1: SINGLE (Groundball, 4MD) Billy Anderson to second
|
Batting: RHB Sergio Mata
|
0-0: Foul Ball, location: 2F 0-1: Ground out 5-3 (Groundball, 56S) Billy Anderson to third Gustavo Gómez to second
|
Batting: RHB Ken MacDonald
|
0-0: Called Strike 0-1: Foul Ball, location: 2F 0-2: Ball 1-2: Foul Ball, location: 2F 1-2: Ball 2-2: Ball 3-2: Foul Ball, location: 2F 3-2: Ground out 6-3 (Groundball, 6) Billy Anderson scores
|
Batting: SHB Devin Smith
|
0-0: Ball 1-0: Ball 2-0: Foul Ball, location: 2F 2-1: Ground out 5-3 (Groundball, 56S)
|
Bottom of the 2nd over - 1 run(s), 2 hit(s), 0 error(s), 1 left on base; Minnesota 4 - Kingston 1 |
TOP OF THE 3RD |
Minnesota ManBearPigs batting - Pitching for Kingston Iguanas : LHP Nick Clayton
|
Batting: RHB Carlos López
|
0-0: Called Strike 0-1: Called Strike 0-2: Ball 1-2: Ball 2-2: Ball 3-2: Base on Balls
|
Batting: RHB Chris Burrell
|
0-0: Ball Pickoff Throw to First - Out! 1-0: SINGLE (Line Drive, 6MD)
|
Batting: RHB Ben Barker
|
0-0: Ball 1-0: SINGLE (Groundball, 56D) Chris Burrell to second
|
Batting: RHB Jorge Mora
|
0-0: Called Strike 0-1: Called Strike 0-2: Ball 1-2: Fly out, F8 (Flyball, 8LD) Runner from 2nd tags up, SAFE at 3rd, no throw
|
Batting: RHB Nicoli Turina
|
0-0: Reached via error on a dropped throw, E4 Chris Burrell scores Ben Barker to second
|
Batting: LHB Elvin Summers
|
0-0: Called Strike 0-1: Ball 1-1: Ground out 4-3 (Groundball, 4D)
|
Top of the 3rd over - 1 run(s), 2 hit(s), 1 error(s), 2 left on base; Minnesota 5 - Kingston 1 |
BOTTOM OF THE 3RD |
Kingston Iguanas batting - Pitching for Minnesota ManBearPigs : LHP Rob Price
|
Batting: RHB Bob Lee
|
0-0: Foul Ball, location: 2F 0-1: Ball 1-1: Foul Ball, location: 2F 1-2: Ball 2-2: Ball 3-2: Base on Balls
|
Batting: RHB Francisco Martínez
|
0-0: Grounds into double play, 5-4-3 (Groundball, 56)
|
Batting: LHB Dusty Wilson
|
0-0: Called Strike 0-1: SINGLE (Flyball, 9LS)
|
Batting: RHB Tommy Davenport
|
0-0: Called Strike 0-1: Ball 1-1: Foul Ball, location: 2F 1-2: Ball 2-2: SINGLE (Line Drive, 3S) Dusty Wilson to second
|
Batting: LHB Billy Anderson
|
0-0: Ball 1-0: Ball 2-0: Called Strike 2-1: Foul Ball, location: 2F 2-2: Ball 3-2: Foul Ball, location: 2F 3-2: Strikes out swinging
|
Bottom of the 3rd over - 0 run(s), 2 hit(s), 0 error(s), 2 left on base; Minnesota 5 - Kingston 1 |
TOP OF THE 4TH |
Minnesota ManBearPigs batting - Pitching for Kingston Iguanas : LHP Nick Clayton
|
Batting: RHB Ricardo Salazar
|
0-0: Called Strike 0-1: Ball 1-1: Swinging Strike 1-2: Ball 2-2: Foul Ball, location: 2F 2-2: Foul Ball, location: 2F 2-2: Foul Ball, location: 2F 2-2: Strikes out swinging
|
Batting: RHB Ichizo Akiyama
|
0-0: Fly out, F7 (Flyball, 7LMF)
|
Now in LF: Mike Godfrey
|
|
Batting: RHB Jeffrey Hicks
|
0-0: Ball 1-0: Called Strike 1-1: Ball 2-1: Foul Ball, location: 2F 2-2: Strikes out swinging
|
Top of the 4th over - 0 run(s), 0 hit(s), 0 error(s), 0 left on base; Minnesota 5 - Kingston 1 |
BOTTOM OF THE 4TH |
Kingston Iguanas batting - Pitching for Minnesota ManBearPigs : LHP Rob Price
|
Batting: LHB Gustavo Gómez
|
0-0: Ball 1-0: Ground out 6-3 (Groundball, 6S)
|
Batting: RHB Sergio Mata
|
0-0: Ground out 6-3 (Groundball, 6)
|
Batting: RHB Ken MacDonald
|
0-0: Ball 1-0: Ball 2-0: Called Strike 2-1: Ball 3-1: Called Strike 3-2: SINGLE (Line Drive, 8LS)
|
Batting: SHB Devin Smith
|
0-0: Ball 1-0: Ball 2-0: Swinging Strike 2-1: Ball 3-1: Swinging Strike 3-2: Foul Ball, location: 2F 3-2: Strikes out swinging
|
Bottom of the 4th over - 0 run(s), 1 hit(s), 0 error(s), 1 left on base; Minnesota 5 - Kingston 1 |
TOP OF THE 5TH |
Minnesota ManBearPigs batting - Pitching for Kingston Iguanas : LHP Nick Clayton
|
Pitching: RHP Ron Jenkins
|
|
Batting: RHB Carlos López
|
0-0: Foul Ball, location: 2F 0-1: Foul Ball, location: 2F 0-2: Foul Ball, location: 2F 0-2: Strikes out swinging
|
Batting: RHB Chris Burrell
|
0-0: Ball 1-0: Called Strike 1-1: Foul Ball, location: 2F 1-2: Strikes out swinging
|
Batting: RHB Ben Barker
|
0-0: Ball 1-0: Swinging Strike 1-1: Foul Ball, location: 2F 1-2: Foul Ball, location: 2F 1-2: Ball 2-2: Ball 3-2: Base on Balls
|
Batting: RHB Jorge Mora
|
0-0: Ball 1-0: Called Strike Ben Barker steals 2nd base 1-1: Foul Ball, location: 2F 1-2: SINGLE (Line Drive, 34D) Ben Barker to third Runner from 3rd tries for Home, SAFE, no throw
|
Batting: RHB Nicoli Turina
|
Pickoff Throw to First - Out!
|
Top of the 5th over - 1 run(s), 1 hit(s), 0 error(s), 0 left on base; Minnesota 6 - Kingston 1 |
BOTTOM OF THE 5TH |
Kingston Iguanas batting - Pitching for Minnesota ManBearPigs : LHP Rob Price
|
Batting: RHB Bob Lee
|
0-0: Called Strike 0-1: Ball 1-1: Fly out, F6 (Line Drive, 6)
|
Batting: RHB Francisco Martínez
|
0-0: Called Strike 0-1: Ball 1-1: Ball 2-1: Foul Ball, location: 2F 2-2: Strikes out swinging
|
Batting: LHB Dusty Wilson
|
0-0: Ball 1-0: Called Strike 1-1: Ground out 3-1 (Groundball, 34)
|
Bottom of the 5th over - 0 run(s), 0 hit(s), 0 error(s), 0 left on base; Minnesota 6 - Kingston 1 |
TOP OF THE 6TH |
Minnesota ManBearPigs batting - Pitching for Kingston Iguanas : RHP Ron Jenkins
|
Batting: RHB Nicoli Turina
|
0-0: Foul Ball, location: 2F 0-1: Ball 1-1: Ball 2-1: Ground out 5-3 (Groundball, 56)
|
Batting: LHB Elvin Summers
|
0-0: Ball 1-0: Ball 2-0: Called Strike 2-1: Foul Ball, location: 2F 2-2: Strikes out swinging
|
Batting: RHB Ricardo Salazar
|
0-0: Ball 1-0: Called Strike 1-1: Swinging Strike 1-2: Foul Ball, location: 2F 1-2: Strikes out looking
|
Top of the 6th over - 0 run(s), 0 hit(s), 0 error(s), 0 left on base; Minnesota 6 - Kingston 1 |
BOTTOM OF THE 6TH |
Kingston Iguanas batting - Pitching for Minnesota ManBearPigs : LHP Rob Price
|
Batting: LHB Mike Godfrey
|
0-0: Ball 1-0: DOUBLE (Line Drive, 9)
|
Batting: LHB Billy Anderson
|
0-0: Ball 1-0: SINGLE (Line Drive, 6D) Mike Godfrey to third
|
Batting: LHB Gustavo Gómez
|
0-0: Ball 1-0: Ground out 4-3 (Groundball, 34) Mike Godfrey scores Billy Anderson to second
|
Batting: RHB Sergio Mata
|
0-0: Ball 1-0: Ball 2-0: Foul Ball, location: 2F 2-1: Foul Ball, location: 2F 2-2: Ball 3-2: SINGLE (Groundball, 6MD) Billy Anderson to third
|
Batting: RHB Ken MacDonald
|
0-0: Called Strike 0-1: Ball 1-1: Fly out, F8 (Flyball, 89S) Runner from 3rd tags up, SCORES, no throw
|
Batting: SHB Devin Smith
|
0-0: Ball 1-0: Ball 2-0: Ball 3-0: Called Strike 3-1: Foul Ball, location: 2F 3-2: Ground out 5-3 (Groundball, 56S)
|
Bottom of the 6th over - 2 run(s), 3 hit(s), 0 error(s), 1 left on base; Minnesota 6 - Kingston 3 |
TOP OF THE 7TH |
Minnesota ManBearPigs batting - Pitching for Kingston Iguanas : RHP Ron Jenkins
|
Batting: RHB Ichizo Akiyama
|
0-0: Called Strike 0-1: Ball 1-1: Called Strike 1-2: Foul Ball, location: 2F 1-2: Strikes out swinging
|
Batting: RHB Jeffrey Hicks
|
0-0: Ball 1-0: SINGLE (Groundball, 34D)
|
Batting: RHB Carlos López
|
0-0: Ball Jeffrey Hicks steals 2nd base 1-0: Ball 2-0: Ground out 5-3 (Groundball, 56)
|
Batting: RHB Chris Burrell
|
0-0: Ball 1-0: Fly out, F2 (Popup, 34S)
|
Top of the 7th over - 0 run(s), 1 hit(s), 0 error(s), 1 left on base; Minnesota 6 - Kingston 3 |
BOTTOM OF THE 7TH |
Kingston Iguanas batting - Pitching for Minnesota ManBearPigs : LHP Rob Price
|
Pitching: RHP Ernesto González
|
|
Now at 1B: Yasutoki Kojima
|
|
Now in LF: Carlos Luna
|
|
Batting: RHB Bob Lee
|
0-0: Ball 1-0: Ball 2-0: Swinging Strike 2-1: Bunt for hit - play at first, batter OUT! 1-3
|
Pitching: RHP Cam Sparks
|
|
Batting: RHB Francisco Martínez
|
0-0: Ball 1-0: Called Strike 1-1: Called Strike 1-2: Strikes out swinging
|
Batting: LHB Dusty Wilson
|
0-0: Called Strike 0-1: Called Strike 0-2: Foul Ball, location: 2F 0-2: Foul Ball, location: 2F 0-2: Ball 1-2: Ball 2-2: Ball 3-2: Reached on error, E4 (Groundball, 4)
|
Batting: LHB Mike Godfrey
|
0-0: Ball 1-0: Swinging Strike 1-1: Ball 2-1: Foul Ball, location: 2F 2-2: Foul Ball, location: 2F 2-2: Fly out, F4 (Popup, 3D)
|
Bottom of the 7th over - 0 run(s), 0 hit(s), 1 error(s), 1 left on base; Minnesota 6 - Kingston 3 |
TOP OF THE 8TH |
Minnesota ManBearPigs batting - Pitching for Kingston Iguanas : RHP Ron Jenkins
|
Pitching: LHP Ray McKnight
|
|
Batting: RHB Ben Barker
|
0-0: Ball 1-0: Ball 2-0: Fly out, F7 (Line Drive, 78M)
|
Batting: RHB Jorge Mora
|
0-0: Ball 1-0: Foul Ball, location: 2F 1-1: Fly out, F9 (Line Drive, 9)
|
Batting: RHB Nicoli Turina
|
0-0: Called Strike 0-1: Ball 1-1: Ground out 6-3 (Groundball, 6MS)
|
Top of the 8th over - 0 run(s), 0 hit(s), 0 error(s), 0 left on base; Minnesota 6 - Kingston 3 |
BOTTOM OF THE 8TH |
Kingston Iguanas batting - Pitching for Minnesota ManBearPigs : RHP Cam Sparks
|
Batting: LHB Billy Anderson
|
0-0: Foul Ball, location: 2F 0-1: Ball 1-1: Called Strike 1-2: Ball 2-2: Foul Ball, location: 2F 2-2: Ball 3-2: Strikes out looking
|
Batting: LHB Gustavo Gómez
|
0-0: Called Strike 0-1: Swinging Strike 0-2: Ball 1-2: Ball 2-2: Strikes out swinging
|
Batting: RHB Sergio Mata
|
0-0: Called Strike 0-1: Ball 1-1: Fly out, F9 (Flyball, 9)
|
Bottom of the 8th over - 0 run(s), 0 hit(s), 0 error(s), 0 left on base; Minnesota 6 - Kingston 3 |
TOP OF THE 9TH |
Minnesota ManBearPigs batting - Pitching for Kingston Iguanas : LHP Ray McKnight
|
Batting: LHB Elvin Summers
|
0-0: Ball 1-0: Swinging Strike 1-1: Swinging Strike 1-2: Ball 2-2: Strikes out looking
|
Batting: RHB Ricardo Salazar
|
0-0: Called Strike 0-1: Foul Ball, location: 2F 0-2: Strikes out looking
|
Batting: RHB Ichizo Akiyama
|
0-0: Called Strike 0-1: Swinging Strike 0-2: Foul Ball, location: 2F 0-2: Ball 1-2: Ball 2-2: Ball 3-2: Foul Ball, location: 2F 3-2: SOLO HOME RUN (Flyball, 7D), Distance : 373 ft
|
Batting: RHB Carlos Luna
|
0-0: Ball 1-0: Called Strike 1-1: Fly out, F8 (Line Drive, 8LS)
|
Top of the 9th over - 1 run(s), 1 hit(s), 0 error(s), 0 left on base; Minnesota 7 - Kingston 3 |
BOTTOM OF THE 9TH |
Kingston Iguanas batting - Pitching for Minnesota ManBearPigs : RHP Cam Sparks
|
Pitching: RHP Jorge Amador
|
|
Batting: RHB Ken MacDonald
|
0-0: Foul Ball, location: 2F 0-1: Ball 1-1: Called Strike 1-2: Ball 2-2: Ball 3-2: Base on Balls
|
Batting: SHB Devin Smith
|
0-0: Called Strike 0-1: Swinging Strike 0-2: Ball 1-2: Foul Ball, location: 2F 1-2: Strikes out swinging
|
Batting: RHB Bob Lee
|
0-0: Grounds into double play, 5-4-3 (Groundball, 5)
|
Bottom of the 9th over - 0 run(s), 0 hit(s), 0 error(s), 0 left on base; Minnesota 7 - Kingston 3 |
|